Map: Ночной сумрак РВ

Players

Lopatqa - Winner!

  • Race: Zerg Zerg
  • League: Master
  • Spawn Location: 5:00

Kantara

  • Race: Protoss Protoss
  • League: Diamond
  • Spawn Location: 11:00

VOD

Have the link to the VOD?

Description

Time

  • Played on: Dec. 7, 2020, 1:28 p.m.
  • Length: 7:41
Show
View Real Time Build Order
Export as new Build Order

Lopatqa Zerg - Winner!

Build Orders: Hatch First 

Get SALT Encoding   

  12  0:01  Drone  
  13  0:14  Overlord  
  13  0:20  Drone  
  14  0:34  Drone  
  15  0:35  Drone  
  15  0:36  Drone  
  17  0:55  Drone  
  18  0:57  Hatchery  
  18  0:58  Drone  
  18  1:08  Extractor  
  17  1:12  Spawning Pool  
  17  1:18  Drone  
  17  1:19  Drone  
  18  1:30  Drone  
  19  1:42  Overlord  
  19  1:59  Queen  
  19  2:00  Zergling x2  
  22  2:10  Queen  
  22  2:11  Zergling x2  
  22  2:13  Metabolic Boost  
  25  2:18  Drone  
  25  2:19  Evolution Chamber  
  25  2:27  Overlord  
  25  2:28  Zergling x4  
  27  2:40  Zergling x2, Drone  
  29  2:51  Zerg Melee Weapons Level 1, Overlord  
  29  2:57  Zergling x2  
  29  2:58  Zergling x4  
  31  3:04  Zergling x2  
  32  3:13  Overlord  
  32  3:22  Hatchery  
  31  3:28  Zergling x6  
  31  3:34  Zergling x4  
  36  3:40  Zergling x4  
  38  3:42  Zergling x2  
  38  3:48  Zergling x2  
  40  3:50  Drone  
  40  3:51  Drone  
  42  4:04  Zergling x2  
  42  4:05  Zergling x6  
  42  4:06  Zergling x4  
  48  4:15  Overlord  
  48  4:22  Drone  
  48  4:23  Drone x2  
  51  4:25  Overlord  
  51  4:27  Zergling x2  
  52  4:33  Drone  
  52  4:34  Drone  
  52  4:35  Drone  
  52  4:37  Drone  
  56  4:39  Drone  
  57  4:48  Drone x2  
  57  4:49  Drone x2  
  61  4:59  Zergling x10  
  63  5:08  Zergling x6  
  62  5:19  Zergling x6  
  60  5:35  Zergling x2  
  60  5:36  Zergling x6  
  61  5:52  Zergling x2  
  61  5:53  Zergling x4  
  61  5:55  Queen  
  61  5:56  Queen  
  68  6:02  Zergling x4  
  67  6:08  Hatchery  
  64  6:15  Overlord  
  62  6:19  Hatchery  
  62  6:23  Overlord x2  
  60  6:41  Hatchery  
  60  6:45  Drone x5  
  59  6:56  Drone x2  
  61  7:05  Zergling x2  
  61  7:10  Extractor  
  61  7:11  Drone x2  
  62  7:19  Extractor  
  62  7:20  Extractor  
  60  7:24  Zergling x2  
Show
View Real Time Build Order
Export as new Build Order

Kantara Protoss 

Build Orders: 1 Gate Expand 

Get SALT Encoding   

  12  0:00  Probe  
  13  0:13  Probe  
  14  0:19  Pylon  
  14  0:25  Probe (Chrono Boost)  
  15  0:38  Probe (Chrono Boost)  
  15  0:42  Gateway  
  16  0:46  Probe (Chrono Boost)  
  16  0:49  Assimilator  
  17  0:53  Probe  
  18  1:05  Probe  
  19  1:17  Probe  
  20  1:29  Probe  
  20  1:30  Nexus  
  21  1:42  Cybernetics Core  
  21  1:44  Probe  
  22  1:48  Assimilator  
  22  1:56  Pylon, Probe  
  23  2:14  Probe  
  24  2:18  Stalker  
  24  2:20  Warp Gate  
  26  2:26  Probe  
  27  2:38  Stargate, Probe  
  28  2:48  Stalker  
  28  2:49  Gateway  
  28  2:50  Probe  
  28  2:51  Probe  
  32  3:02  Probe (Chrono Boost)  
  32  3:03  Probe (Chrono Boost)  
  36  3:13  Probe x2 (Chrono Boost)  
  36  3:17  Probe (Chrono Boost)  
  36  3:18  Probe (Chrono Boost)  
  36  3:19  Void Ray (Chrono Boost)  
  37  3:22  Shield Battery  
  38  3:29  Probe x2 (Chrono Boost)  
  46  3:41  Probe (Chrono Boost)  
  46  3:46  Assimilator  
  46  3:47  Probe (Chrono Boost)  
  46  3:48  Assimilator  
  46  3:54  Pylon  
  46  3:56  Pylon  
  46  4:06  Void Ray  
  46  4:12  Probe x2  
  52  4:24  Probe x2  
  52  4:28  Nexus  
  52  4:30  Pylon  
  54  4:36  Probe x2  
  56  4:42  Twilight Council  
  56  4:44  Forge  
  56  4:47  Pylon  
  56  4:48  Probe x2  
  58  5:01  Probe x2  
  58  5:05  Adept x2  
  64  5:13  Probe  
  61  5:27  Zealot  
  12  6:17  Probe  
  13  6:22  Gateway  
  13  6:23  Gateway  
  13  6:25  Gateway  
  11  6:55  Probe (Chrono Boost)  
  12  7:05  Probe (Chrono Boost)  
  13  7:10  Probe (Chrono Boost)  
  13  7:14  Pylon  
  10  7:17  Gateway  
  10  7:22  Zealot x2  
Tags
 
Add a new tag
Caveats
  • Supply blocks, unpowered buildings, or Contaminate may cause inaccurate times.
  • Supply counts are checked every 10 seconds.